 Dungeon Crawl Stone Soup version 0.30-a0-4-ga7cffc901d (webtiles) character file.

Game seed: 11477507984220292336

103 SensoryNuts the Shield-Bearer (level 4, -1/29 HPs)
             Began as a Gargoyle Fighter on Aug 21, 2022.
             Was a Believer of Fedhas.
             Slain by a gnoll
             ... wielding a +2 whip of distortion
              (22 damage)
             ... on level 2 of the Dungeon.
             The game lasted 00:03:06 (1851 turns).

SensoryNuts the Shield-Bearer (Gargoyle Fighter)    Turns: 1851, Time: 00:03:22

Health: -1/29      AC: 10    Str: 20 (22) XL:     4   Next: 79%
Magic:  4/4        EV:  9    Int:  7 (8)  God:    Fedhas [**....]
Gold:   134        SH:  4    Dex:  6 (9)  Spells: 3/3 levels left

rFire   . . .      SeeInvis .    a - +0 war axe
rCold   . . .      Faith    .    c - +0 buckler
rNeg    + . .      Spirit   .    b - +0 scale mail
rPois   ∞          Reflect  .    (no helmet)
rElec   +          Harm     .    (no cloak)
rCorr   .          Rampage  .    (no gloves)
Will    .....                    (no boots)
Stlth   ..........               (no amulet)
HPRegen 0.09/turn                (no ring)
MPRegen 0.09/turn                (no ring)

@: no status effects
A: sickness immunity, AC +3, negative energy resistance 1, electricity
resistance, torment resistance 1, petrification resistance
a: Renounce Religion, Wall of Briars


You were on level 2 of the Dungeon.
You worshipped Fedhas.
Fedhas was pleased with you.
You visited 1 branch of the dungeon, and saw 3 of its levels.

You collected 134 gold pieces.

Inventory:

Hand Weapons
 a - a +0 war axe (weapon)
Armour
 b - a +0 scale mail (worn)
 c - a +0 buckler (worn)
Jewellery
 h - a ring of positive energy
 l - a ring of see invisible
Scrolls
 e - a scroll of identify
 g - a scroll of fear {unknown}
 i - 2 scrolls of vulnerability {unknown}
Potions
 d - a potion of might
 f - a potion of attraction
 j - a potion of flight {unknown}
 m - a potion of curing


   Skills:
 + Level 3.7 Fighting
 * Level 3.3 Axes
 + Level 3.7 Armour
 + Level 0.1 Dodging
 + Level 3.8 Shields


You had 3 spell levels left.
You didn't know any spells.
Your spell library contained the following spells:

 Spells                   Type           Power      Damage    Failure   Level
 Apportation              Tloc           0%         N/A       86%         1
 Necrotise                Necr           0%         1d4       86%         1
 Summon Small Mammal      Summ           0%         N/A       86%         1
 Blink                    Tloc           0%         N/A       95%         2
 Static Discharge         Conj/Air       0%         3-3/arc   95%         2
 Lightning Bolt           Conj/Air       0%         1d11      100%        5
 Manifold Assault         Tloc           0%         N/A       100%        5
 Storm Form               Tmut/Air       0%         N/A       100%        7
 Maxwell's Capacitive Co  Air            0%         ∞         100%        8


Dungeon Overview and Level Annotations

Branches:
Dungeon (3/15)

Altars:
Fedhas

Shops:
D:2 [   D:3 (


Innate Abilities, Weirdness & Mutations

You are immune to sickness and miasma.
Your stone body is resilient. (AC +3)
You are immune to poison.
You resist negative energy. (rN+)
You are resistant to electric shocks. (rElec)
You are resistant to unholy torment.
You are immune to petrification.


Message History

Fedhas appreciates your contribution to the ecosystem.
You climb downwards.
The gnoll shouts!
The gnoll closely misses you.
The goblin shoots a sling bullet.
The sling bullet barely misses you. You block the gnoll's attack.
You hear a shout!
There is a stone staircase leading up here.
The goblin shoots a sling bullet.
You block the sling bullet. The gnoll closely misses you.
You climb upwards.
There is a stone staircase leading down here.
You slash the gnoll!
The gnoll is almost dead.
The gnoll hits you but does no damage.
You hit the gnoll but do no damage.
The gnoll is almost dead.
You block the gnoll's attack. The gnoll hits you with a +0 club.
You slash the gnoll!
You kill the gnoll!
Fedhas appreciates your contribution to the ecosystem.
No target in view!
No target in view!
You climb downwards.
The goblin shoots a sling bullet.
The sling bullet hits you but does no damage.
The gnoll hits you with a +2 whip of distortion.
Space warps around you.
The goblin shoots a sling bullet.
The sling bullet barely misses you.
There is a stone staircase leading up here.
You block the gnoll's attack. The kobold hits you but does no damage.
The goblin shoots a sling bullet.
You block the sling bullet.
You climb upwards.
There is a stone staircase leading down here.
You hit the gnoll.
The gnoll is heavily wounded.
You closely miss the kobold. You block the kobold's attack.
The gnoll hits you with a +2 whip of distortion.
Space warps horribly around you!!
Ouch! That really hurt!
You die...
Fedhas appreciates your contribution to the ecosystem.

#.# #.# #.##..###..# #.# #.#
#.#.....#..# #.#
##.#####.#.###.#..# ..#
#.........)..#.#.###### ###
########.#.#.#........#
#.#.....###.####
#######..#+#....#.#
##########........'∩+..#.#.#
.........'.....)@##'##.#.#.#
##########.....gK#.......#.#
#######.#.###.###.# ########
#.#.........# #......#
#.#####.##### #......###.#
#.# #..........# #.#
#..........# #.#
#..........# #.#


You could see a gnoll and a kobold.

Vanquished Creatures
  2 gnolls (D:2)
  3 adders (D:2)
  A dart slug (D:1)
  2 bats
  4 endoplasms
  A giant cockroach (D:2)
  3 goblins
  11 hobgoblins
  3 jackals (D:1)
  8 kobolds
  2 quokkas (D:1)
  3 ball pythons
  10 rats
53 creatures vanquished.

Notes
Turn   | Place    | Note
-------+----------+-------------------------------------------
     0 | D:1      | SensoryNuts the Gargoyle Fighter began the quest for the
                  | Orb.
     0 | D:1      | Reached XP level 1. HP: 14/14 MP: 1/1
    89 | D:1      | Reached XP level 2. HP: 18/19 MP: 2/2
   263 | D:1      | Reached XP level 3. HP: 23/23 MP: 3/3
   505 | D:1      | Found a faded altar of an unknown god.
   528 | D:1      | Prayed at the altar of an unknown god.
   528 | D:1      | Became a worshipper of Fedhas Madash
   528 | D:1      | Reached * piety under Fedhas
  1114 | D:2      | Reached XP level 4. HP: 27/29 MP: 4/4
  1273 | D:2      | Found Edib's Armour Shop.
  1785 | D:3      | Reached ** piety under Fedhas
  1795 | D:3      | Found Ruryalol's Weapon Shoppe.
  1851 | D:2      | Slain by a gnoll

Illustrated notes

Levels and vault maps discovered:
D:1:      roderic_chinese_lattice_arrival, layout_rooms,
          dreamdust_ecumenical_altar_angels_and_demons
D:2:      layout_basic, serial_shops, nicolae_shop_behind_doors
D:3:      layout_basic, mainiacjoe_overflow_catwalk, serial_shops,
          nicolae_shop_bloodbath_and_beyond

Skill      XL: |  1  2  3  4 |
---------------+-------------+-----
Axes           | 2 3 |  3.3
Fighting       | |  3.7
Armour         | |  3.7
Dodging        | |  0.1
Shields        | |  3.8

Action                   |  1- 3 |  4- 6 || total
-------------------------+-------+-------++-------
Melee: War axe           |   104 |    43 ||   147
  Use: Scroll            |     3 |       ||     3
       Potion            |     3 |       ||     3
Armor: Scale mail        |    67 |    24 ||    91
Dodge: Dodged            |    54 |    24 ||    78
Block: Buckler           |    23 |    15 ||    38

Table legend: (Time is in decaauts)
 A = Elapsed time spent in this place.
 B = Non-inter-level travel time spent in this place.
 C = Inter-level travel time spent in this place.
 D = Time resting spent in this place.
 E = Time spent auto-exploring this place.
 F = Levels seen in this place.
 G = Mean time per level.
                   A        B        C        D        E       F      G
               +--------+--------+--------+--------+--------+-----+--------+
         Total |   1917 |   1889 |     28 |      0 |   1481 |   3 |  639.0 |
       Dungeon |   1917 |   1889 |     28 |      0 |   1481 |   3 |  639.0 |
               +--------+--------+--------+--------+--------+-----+--------+

Top non-repeatable levels by time:
     D:2: 1060 daAuts
     D:1: 793 daAuts
     D:3: 63 daAuts
